 Dungeon Crawl Stone Soup version 0.30-a0-629-gd54f4be4f7 (webtiles) character file.

Game seed: 1545384543122862480

224 KennySheep the Shooter (level 5, -7/41 HPs)
             Began as a Demigod Warper on Jan 12, 2023.
             Killed from afar by Ijyb (20 damage)
             ... with a bolt of acid
             ... on level 3 of the Dungeon.
             The game lasted 00:10:43 (3230 turns).

KennySheep the Shooter (Demigod Warper)             Turns: 3230, Time: 00:10:44

Health: -7/41      AC:  4    Str: 18    XL:     5   Next: 39%
Magic:  19/19      EV: 12    Int: 15    God:
Gold:   117        SH:  0    Dex: 17    Spells: 2/7 levels left

rFire   . . .      SeeInvis .    a - +0 sling
rCold   . . .      Faith    .    (no shield)
rNeg    . . .      Spirit   .    q - +0 leather armour
rPois   .          Reflect  .    (no helmet)
rElec   .          Harm     .    (no cloak)
rCorr   .          Rampage  .    (no gloves)
Will    .....                    r - +0 pair of boots
Stlth   +                        (no amulet)
HPRegen 0.26/turn                g - +6 ring of strength
MPRegen 0.16/turn                m - ring of magical power

@: mighty, flying
A: high MP 1, forlorn, divine attributes, mutation resistance 1, subdued magic 1
a: no special abilities


You were on level 3 of the Dungeon.
You visited 1 branch of the dungeon, and saw 6 of its levels.

You collected 117 gold pieces.

Inventory:

Hand Weapons
 a - a +0 sling (weapon)
 b - a +0 short sword
Missiles
 d - 4 boomerangs of dispersal
 j - 16 stones
 s - 8 poisoned darts
Armour
 q - a +0 leather armour (worn)
 r - a +0 pair of boots (worn)
Jewellery
 g - a +6 ring of strength (left hand)
 m - a ring of magical power (right hand)
Scrolls
 e - 2 scrolls of identify
 f - a scroll of enchant armour
 h - a scroll of vulnerability
Potions
 i - 3 potions of mutation
 k - 2 potions of curing
 l - a potion of attraction
 n - a potion of magic


   Skills:
 - Level 1.7 Fighting
 - Level 1.7 Short Blades
 * Level 5.0 Ranged Weapons
 - Level 0.8 Throwing
 - Level 0.8 Armour
 - Level 1.7 Dodging
 - Level 1.7 Spellcasting
 - Level 2.6 Translocations


You had 2 spell levels left.
You knew the following spells:

 Your Spells              Type           Power      Damage    Failure   Level
a - Blink                 Tloc           14%        N/A       12%         2
b - Teleport Other        Tloc           7%         N/A       22%         3

Your spell library contained the following spells:

 Spells                   Type           Power      Damage    Failure   Level
 Shock                    Conj/Air       4%         1d3       22%         1
 Summon Small Mammal      Summ           4%         N/A       22%         1
 Lesser Beckoning         Tloc           14%        N/A       22%         3
 Vhi's Electric Charge    Tloc/Air       8%         N/A       38%         3
 Call Canine Familiar     Summ           1%         N/A       58%         3
 Summon Guardian Golem    Hex/Summ       1%         N/A       58%         3
 Swiftness                Air            1%         N/A       58%         3
 Manifold Assault         Tloc           7%         N/A       61%         4
 Airstrike                Air            0%         2d(1-17)  94%         4
 Arcjolt                  Conj/Air       0%         1d10      100%        5
 Maxwell's Capacitive Co  Air            0%         ∞         100%        8


Dungeon Overview and Level Annotations

Branches:
Dungeon (6/15)
 Temple: D:4-7

Annotations:
D:3 Ijyb
D:4 Dowan, Duvessa, Grinder


Innate Abilities, Weirdness & Mutations

You have an increased reservoir of magic. (+10% MP)
You shall have no god before yourself.
Your divine heritage dramatically boosts your attributes as you level up.
You are somewhat resistant to further mutation.
Your spells are a little easier to cast, but a little less powerful.


Message History

You shoot a sling bullet. The sling bullet barely misses the rat.
The sling bullet hits Ijyb but does no damage.
The rat bites you.
You shoot a sling bullet.
The sling bullet hits the rat but does no damage.
The rat barely misses you.
Ijyb zaps a wand.
The bolt of acid hits the rat!
The acid corrodes the rat!
The rat dies!
The bolt of acid hits you!!
* * * LOW HITPOINT WARNING * * *
It was a potion of flight.
You feel very buoyant.
You fly up into the air.
Ijyb zaps a wand.
The bolt of acid misses you.
b - a +0 short sword (weapon)
Ijyb zaps a wand.
The bolt of acid misses you.
Okay, then.
Ijyb barely misses you.
You feel very mighty all of a sudden.
Ijyb zaps a wand.
The bolt of acid misses you.
You closely miss Ijyb. Ijyb closely misses you.
You barely miss Ijyb. Ijyb barely misses you.
You hit Ijyb.
Ijyb is lightly wounded.
Ijyb misses you.
You closely miss Ijyb.
Ijyb is lightly wounded.
You are no longer corroded.
Ijyb barely misses you.
You closely miss Ijyb.
Ijyb is lightly wounded.
Ijyb hits you but does no damage.
You barely miss Ijyb.
Ijyb is lightly wounded.
Ijyb hits you but does no damage.
a - a +0 sling (weapon)
You shoot a sling bullet.
The sling bullet hits Ijyb but does no damage.
Ijyb is lightly wounded.
Ijyb zaps a wand.
The bolt of acid hits you!!
You die...

#.........##...## ##...##
#
.#########.....###.....###
#.......#.......#. ##
#...†...#.......#. ...
#.......#...[...#. ....
##.....###.....### .....
##...## ##...## #
......################
......'g@.....#....#####
......#######...##.....#
..... ##########.# ....
###'## ... #..... ..
#..... . #..... #.....
#.....


You could see Ijyb.

Vanquished Creatures
  A necrophage (D:5)
  2 hounds (D:4)
  A gnoll (D:1)
  3 adders
  2 worms
  2 dart slugs
  An orc (D:3)
  5 endoplasms
  2 giant cockroaches (D:1)
  9 goblins
  4 hobgoblins
  3 jackals (D:1)
  3 quokkas
  6 ball pythons
  6 bats
  8 frilled lizards
  3 kobolds (D:1)
  4 rats
65 creatures vanquished.

Vanquished Creatures (others)
  A bat (D:3)
  A rat (D:3)
2 creatures vanquished.

Grand Total: 67 creatures vanquished

Notes
Turn   | Place    | Note
-------+----------+-------------------------------------------
     0 | D:1      | KennySheep the Demigod Warper began the quest for the Orb.
     0 | D:1      | Reached XP level 1. HP: 17/17 MP: 5/5
    37 | D:1      | Reached skill level 1 in Ranged Weapons
   130 | D:1      | Reached XP level 2. HP: 11/24 MP: 7/7
   173 | D:1      | Reached skill level 2 in Ranged Weapons
   551 | D:1      | Reached XP level 3. HP: 29/29 MP: 8/8
   754 | D:1      | Learned a level 2 spell: Blink
   758 | D:1      | Learned a level 3 spell: Teleport Other
   940 | D:1      | Reached skill level 3 in Ranged Weapons
  2289 | D:3      | Reached XP level 4. HP: 36/36 MP: 9/9
  2342 | D:3      | You fall into a shaft and drop 3 floors!
  2345 | D:6      | Noticed a human
  2345 | D:6      | Noticed a human
  2349 | D:5      | Entered Level 5 of the Dungeon
  2484 | D:5      | Noticed a necrophage
  2540 | D:5      | Killed a necrophage
  2541 | D:5      | Reached skill level 4 in Ranged Weapons
  2610 | D:5      | Noticed a black bear
  2695 | D:4      | Reached XP level 5. HP: 22/41 MP: 10/10
  2698 | D:4      | Noticed Grinder
  2819 | D:4      | Reached skill level 5 in Ranged Weapons
  2860 | D:4      | Gained mutation: You are somewhat resistant to further
                  | mutation. [potion of mutation]
  2860 | D:4      | Gained mutation: Your spells are a little easier to cast,
                  | but a little less powerful. [potion of mutation]
  2907 | D:4      | Noticed Duvessa
  2931 | D:4      | Noticed Dowan
  3210 | D:3      | Noticed Ijyb
  3230 | D:3      | Killed from afar by Ijyb

Illustrated notes

Levels and vault maps discovered:
D:1:      lemuel_arrival_room, layout_loops_ring, minmay_split_cup_small
D:2:      layout_basic
D:3:      kennysheep_six_static_rooms, layout_basic, nicolae_vehumet_radiance,
          kennysheep_generic_room_8, uniq_ijyb, uniq_natasha
D:4:      layout_loops_ring, nicolae_hepliaklqana_hippocampus, uniq_grinder,
          uniq_duvessa
D:5:      minmay_octagon_keep, layout_loops_ring, temple_hall,
          kennysheep_small_spiral
D:6:      layout_rooms, minmay_ruffians

Skill      XL: |  1  2  3  4  5 |
---------------+----------------+-----
Ranged Weapons | 1 2 3 4 5 |  5.0
Fighting       | |  1.7
Short Blades   | |  1.7
Throwing       | |  0.8
Armour         | |  0.8
Dodging        | |  1.7
Spellcasting   | |  1.7
Translocations | |  2.6

Action                   |  1- 3 |  4- 6 || total
-------------------------+-------+-------++-------
Melee: Short sword       |   233 |     6 ||   239
       Punch             |     4 |       ||     4
 Fire: Sling             |    30 |    75 ||   105
Throw: Boomerang         |     3 |       ||     3
 Cast: Blink             |     3 |    12 ||    15
  Use: Scroll            |     3 |     6 ||     9
       Potion            |     2 |     3 ||     5
 Stab: Sleeping          |     2 |       ||     2
Armor: Leather armour    |    88 |    19 ||   107
Dodge: Dodged            |   127 |    46 ||   173

Table legend: (Time is in decaauts)
 A = Elapsed time spent in this place.
 B = Non-inter-level travel time spent in this place.
 C = Inter-level travel time spent in this place.
 D = Time resting spent in this place.
 E = Time spent auto-exploring this place.
 F = Levels seen in this place.
 G = Mean time per level.
                   A        B        C        D        E       F      G
               +--------+--------+--------+--------+--------+-----+--------+
         Total |   3229 |   3178 |     51 |    441 |   1798 |   6 |  538.2 |
       Dungeon |   3229 |   3178 |     51 |    441 |   1798 |   6 |  538.2 |
               +--------+--------+--------+--------+--------+-----+--------+

Top non-repeatable levels by time:
     D:1: 1171 daAuts
     D:2: 922 daAuts
     D:4: 483 daAuts
     D:3: 362 daAuts
     D:5: 283 daAuts
     D:6: 6 daAuts
